 Dungeon Crawl Stone Soup version 0.22-a0-877-g5c4e1af (webtiles) character file.

462 prawnwizard the Slasher (level 6, -3/48 HPs)
             Began as a Demonspawn Gladiator on July 29, 2018.
             Slain by Menkaure (12 damage)
             ... on level 5 of the Dungeon.
             The game lasted 00:05:49 (4881 turns).

prawnwizard the Slasher (Demonspawn Gladiator)      Turns: 4881, Time: 00:05:50

Health: -3/48      AC: 12    Str: 16    XL:     6   Next: 79%
Magic:  6/6        EV:  8    Int: 12    God:
Gold:   197        SH:  0    Dex: 15    Spells: 5/5 levels left

rFire    + . .     SeeInvis .   a - +0 long sword
rCold    . . .     Gourm    .   (no shield)
rNeg     . . .     Faith    .   m - +0 chain mail
rPois    .         Spirit   .   p - +2 helmet
rElec    .         Reflect  .   u - scarf {repulsion}
rCorr    .         Harm     .   n - +0 pair of gloves
MR       .....                  (no boots)
Stlth    ..........             (no amulet)
HPRegen  0.16/turn              o - +3 ring of intelligence
MPRegen  0.10/turn              (no ring)

@: repel missiles
A: demonic guardian 1, fire resistance 1
a: no special abilities


You were on level 5 of the Dungeon.
You were hungry.

You visited 1 branch of the dungeon, and saw 5 of its levels.

You collected 197 gold pieces.

Inventory:

Hand Weapons
 a - a +0 long sword (weapon)
 q - a +2 falchion of freezing
Missiles
 d - 4 throwing nets (quivered)
Armour
 m - a +0 chain mail (worn)
 n - a +0 pair of gloves (worn)
 p - a +2 helmet (worn)
 u - a scarf of repulsion (worn)
Jewellery
 h - an uncursed ring of see invisible
 o - a +3 ring of intelligence (left hand)
Scrolls
 b - 2 scrolls of blinking
 c - a scroll of remove curse
 j - 5 scrolls of identify
 r - a scroll of teleportation {unknown}
 s - a scroll of random uselessness {unknown}
 w - a scroll of magic mapping {unknown}
Potions
 e - 3 potions of ambrosia {unknown}
 g - a potion of agility
 i - 2 potions of haste {unknown}
 k - a potion of brilliance {unknown}
 l - 3 potions of curing {unknown}
 v - a potion of mutation {unknown}
Comestibles
 f - 6 rations


   Skills:
 + Level 3.9 Fighting
 * Level 5.3 Long Blades
 - Level 1.7 Throwing
 + Level 4.2 Dodging


You had 5 spell levels left.
You didn't know any spells.
Your spell library was empty.

Dungeon Overview and Level Annotations

Branches:
Dungeon (5/15)
 Temple: D:4-7

Altars:
Elyvilon

Annotations:
D:5 Menkaure


Innate Abilities, Weirdness & Mutations

A weak demonic guardian rushes to your aid.
Your flesh is heat resistant. (rF+)


Message History

Menkaure hits you!
Unknown command.
You slash Menkaure!
Menkaure is heavily damaged.
Menkaure calls on the powers of darkness!
Your body is wracked with pain!
* * * LOW HITPOINT WARNING * * *
Your shadow imp closely misses Menkaure.
Menkaure barely misses you.
You barely miss Menkaure.
Menkaure is heavily damaged.
Your shadow imp hits Menkaure.
Menkaure calls on the powers of darkness!
Your body is wracked with pain!
* * * LOW HITPOINT WARNING * * *
You closely miss Menkaure.
Menkaure is heavily damaged.
Menkaure shouts, "The curse of the Pharaohs be upon you!"
Menkaure hits you!
You die...

#######
.......
##.......
##5M......
#<@###.###
#.....(##
#.######


You could see Menkaure and a friendly shadow imp.

Vanquished Creatures
  A scorpion (D:4)
  A jelly (D:3)
  An orc priest (D:5)
  2 iguanas (D:4)
  An orc wizard (D:4)
  Jessica (D:3)
  2 worker ants (D:4)
  A hound skeleton (D:4)
  5 adders
  3 gnolls
  2 oozes
  An adder skeleton (D:4)
  3 worms
  4 dart slugs
  3 leopard geckos
  8 orcs
  3 ball pythons
  2 giant cockroaches
  9 goblins
  10 hobgoblins
  9 jackals
  3 kobolds
  A quokka (D:2)
  3 bats
  A leopard gecko skeleton (D:4)
  A quokka skeleton (D:4)
  4 rats
85 creatures vanquished.

Vanquished Creatures (collateral kills)
  A hound (D:4)
  Robin (D:2)
  3 orcs (D:5)
  A hobgoblin (D:2)
6 creatures vanquished.

Grand Total: 91 creatures vanquished

Notes
Turn   | Place    | Note
-------+----------+-------------------------------------------
     0 | D:1      | prawnwizard the Demonspawn Gladiator began the quest for the Orb.
     0 | D:1      | Reached XP level 1. HP: 16/16 MP: 1/1
   446 | D:1      | Reached skill level 3 in Long Blades
   446 | D:1      | Gained mutation: Your flesh is heat resistant. (rF+) [demonic ancestry]
   446 | D:1      | Reached XP level 2. HP: 10/22 MP: 2/2
  1125 | D:1      | Reached XP level 3. HP: 28/28 MP: 3/3
  1159 | D:2      | Found a white marble altar of Elyvilon.
  2003 | D:2      | Gained mutation: A weak demonic guardian rushes to your aid. [demonic ancestry]
  2003 | D:2      | Reached XP level 4. HP: 31/34 MP: 4/4
  2055 | D:2      | Noticed Robin
  2113 | D:2      | HP: 1/34 [hobgoblin/club[Robin] (1)]
  2128 | D:2      | Killed Robin
  2128 | D:2      | Reached skill level 4 in Long Blades
  3045 | D:3      | Noticed Jessica
  3049 | D:3      | Killed Jessica
  3049 | D:3      | Reached XP level 5. HP: 41/41 MP: 5/5
  4132 | D:4      | Reached XP level 6. HP: 36/47 MP: 6/6
  4221 | D:4      | Reached skill level 5 in Long Blades
  4625 | D:5      | Entered Level 5 of the Dungeon
  4634 | D:5      | Noticed Menkaure
  4881 | D:5      | Slain by Menkaure

Vault maps used:
D:1:      lemuel_arrival_rhombus
D:2:      first_ration, elyvilon_altar_4, uniq_robin
D:3:      uniq_jessica
D:5:      minmay_temple_entry_enclosed_plants, serial_glass, glass_columns_a,
          glass_columns_c, serial_shops, kennysheep_little_box,
          cheibrodos_sewer_entry_bend, uniq_grinder, uniq_menkaure

Skill      XL: |  1  2  3  4  5  6 |
---------------+-------------------+-----
Long Blades    | 3 4 5 |  5.3
Dodging        | 3 4 |  4.2
Fighting       | 3 |  3.9
Throwing       | |  1.7

Action                   |  1- 3 |  4- 6 || total
-------------------------+-------+-------++-------
Melee: Long sword        |    91 |   209 ||   300
  Use: Scroll            |       |     6 ||     6
 Stab: Distracted        |       |     1 ||     1
  Eat: Chunk             |     3 |     6 ||     9
       Ration            |       |     1 ||     1
Armor: Ring mail         |    43 |    16 ||    59
       Leather armour    |     1 |       ||     1
       Chain mail        |       |   109 ||   109
Dodge: Dodged            |    76 |   100 ||   176
       Deflected         |       |     3 ||     3
       Rpst.: Long sword |    15 |    30 ||    45

Table legend:
 A = Spawn XP
 B = Non-spawn XP
 C = Spawn XP percentage of total XP
 D = Spawn monster count
 E = Non-spawn monster count
 F = Spawn count percentage of total count
 G = Total turns spent on level
                    A         B        C        D         E        F      G
               +---------+---------+-------+---------+---------+-------+---------
         Total |       0 |     660 |   0.0 |       0 |      91 |   0.0 |  4881
               +---------+---------+-------+---------+---------+-------+---------
           D:1 |       0 |      58 |   0.0 |       0 |      19 |   0.0 |  1722
           D:2 |       0 |     106 |   0.0 |       0 |      29 |   0.0 |  1022
           D:3 |       0 |     112 |   0.0 |       0 |      12 |   0.0 |   954
           D:4 |       0 |     334 |   0.0 |       0 |      27 |   0.0 |  1160
           D:5 |       0 |      50 |   0.0 |       0 |       4 |   0.0 |    23
               +---------+---------+-------+---------+---------+-------+---------
